 Dungeon Crawl Stone Soup version 0.28.0-45-g0d030f2227 (webtiles) character file.

Game seed: 8324066836900588160

534 McKennaii the Skirmisher (level 7, -2/82 HPs)
             Began as a Demonspawn Fighter on Apr 6, 2022.
             Slain by a mummy (14 damage)
             ... in an ossuary.
             The game lasted 00:05:13 (2452 turns).

McKennaii the Skirmisher (Demonspawn Fighter)       Turns: 2452, Time: 00:05:14

Health: -2/82      AC: 13    Str: 18    XL:     7   Next: 4%
Magic:  7/7        EV:  9    Int: 10    God:
Gold:   142        SH:  9    Dex: 12    Spells: 6/6 levels left

rFire   . . .      SeeInvis .   a - +0 trident
rCold   . . .      Faith    .   c - +0 buckler
rNeg    . . .      Spirit   .   b - +0 scale mail
rPois   .          Reflect  .   (no helmet)
rElec   .          Harm     .   (no cloak)
rCorr   .          Rampage  .   (no gloves)
Will    .....                   (no boots)
Stlth   ..........              (no amulet)
HPRegen 0.23/turn               (no ring)
MPRegen 0.10/turn               (no ring)

@: berserking (expiring), sanguine armoured, very quick
A: foul stench 1, sanguine armour 1, condensation shield, weakness stinger 1
a: no special abilities


You were in an ossuary.
You visited 1 branch of the dungeon, and saw 4 of its levels.
You also visited: Ossuary.

You collected 142 gold pieces.

Inventory:

Hand Weapons
 a - a +0 trident (weapon)
Armour
 b - a +0 scale mail (worn)
 c - a +0 buckler (worn)
Wands
 o - a wand of flame (15)
Scrolls
 e - a scroll of fog {unknown}
 f - a scroll of teleportation {unknown}
 g - 2 scrolls of fear {unknown}
 j - a scroll of immolation {unknown}
 m - a scroll of magic mapping {unknown}
 n - a scroll of vulnerability {unknown}
 r - a scroll of identify {unknown}
Potions
 d - a potion of might
 h - a potion of attraction {unknown}
 i - a potion of brilliance {unknown}
 k - a potion of cancellation {unknown}
 l - a potion of mutation {unknown}
 p - a potion of curing {unknown}
 q - a potion of berserk rage


   Skills:
 + Level 4.7 Fighting
 + Level 3.8 Polearms
 + Level 4.3 Armour
 + Level 4.2 Shields


You had 6 spell levels left.
You didn't know any spells.
Your spell library contained the following spells:

 Spells                   Type           Power      Damage    Failure   Level
 Gell's Gravitas          Tloc           0%         N/A       99%         3
 Lesser Beckoning         Tloc           0%         N/A       99%         3
 Teleport Other           Tloc           0%         N/A       99%         3


Dungeon Overview and Level Annotations

Branches:
Dungeon (4/15)            Ossuary (1/1)
 Temple: D:4-7

Altars:
Sif Muna


Innate Abilities, Weirdness & Mutations

You may rarely emit foul miasma when damaged in melee.
When seriously injured, your blood forms armour. (AC +6)
A meltable shield of frost defends you. (SH +4)
You have a small tail.


Message History

You feel yourself moving faster!
You feel mighty!
The mummy hits you but does no damage. x2
You puncture the mummy!
Your tail-slap misses the mummy.
The mummy is almost destroyed.
You block the mummy's attack.
You puncture the mummy!
You destroy the mummy!
You barely miss the mummy.
The mummy is moderately damaged.
You puncture the mummy!
You destroy the mummy!
The mummy hits you!
* * * LOW HITPOINT WARNING * * *
You puncture the mummy!
The mummy is almost destroyed.
You puncture the mummy!
You destroy the mummy!
You have reached level 7!
Your demonic ancestry asserts itself...
You begin to emit a foul stench of rot and decay.
You barely miss the mummy. The mummy closely misses you.
You barely miss the mummy. You tail-slap the mummy!
The mummy is moderately damaged.
You puncture the mummy!
The mummy is almost destroyed.
The mummy hits you.
* * * LOW HITPOINT WARNING * * *
You block the mummy's attack.
You barely miss the mummy. You tail-slap the mummy.
The mummy is almost destroyed.
You block the mummy's attack.
You puncture the mummy!
The mummy is severely damaged.
The mummy barely misses you.
You puncture the mummy!
You destroy the mummy!
You hit the mummy but do no damage.
The mummy is severely damaged.
The mummy hits you!
You die...

##########
##.........
##......#### ..
#......##..## ...
#.....##....##....
#.................
##.M.............
##MZ............
#@##........##+
#..##......##
....##....##
......#....#
$!?....#....#
#$??....#....#
#$$.....#....#
##$!!...#....#
#....#


You could see 2 mummies and an orc zombie.

Vanquished Creatures
  A necrophage (D:4)
  An ogre (D:2)
  An elf skeleton (D:4)
  A human zombie (D:4)
  An iguana (D:4)
  A human skeleton (D:4)
  A hound zombie (D:3)
  A hound skeleton (D:4)
  6 mummies (Ossuary)
  A gnoll (D:2)
  2 adders (D:2)
  An ufetubus (D:4)
  An adder skeleton (D:3)
  A worm (D:2)
  4 dart slugs
  An orc (D:4)
  10 ball pythons
  5 bats (D:1)
  2 endoplasms
  5 giant cockroaches
  9 goblins
  3 hobgoblins (D:1)
  2 jackals (D:1)
  5 kobolds
  2 quokkas
  2 frilled lizards
  3 gnoll zombies (Ossuary)
  3 hobgoblin zombies (Ossuary)
  2 orc zombies
  7 rats
85 creatures vanquished.

Notes
Turn   | Place    | Note
-------+----------+-------------------------------------------
     0 | D:1      | McKennaii the Demonspawn Fighter began the quest for the
                  | Orb.
     0 | D:1      | Reached XP level 1. HP: 18/18 MP: 1/1
    42 | D:1      | Gained mutation: When seriously injured, your blood forms
                  | armour. (AC +6) [demonic ancestry]
    42 | D:1      | Reached XP level 2. HP: 20/24 MP: 2/2
   216 | D:1      | You fall into a shaft and drop 1 floor!
   320 | D:1      | Gained mutation: A meltable shield of frost defends you.
                  | (SH +4) [demonic ancestry]
   320 | D:1      | Reached XP level 3. HP: 26/29 MP: 3/3
   422 | D:1      | Found a faded altar of an unknown god.
   888 | D:2      | Gained mutation: You have a small tail. [demonic ancestry]
   888 | D:2      | Reached XP level 4. HP: 20/35 MP: 4/4
  1085 | D:2      | Noticed an ogre
  1122 | D:2      | Killed an ogre
  1123 | D:2      | Reached XP level 5. HP: 40/42 MP: 5/5
  1229 | D:2      | Found a shimmering blue altar of Sif Muna.
  1962 | D:4      | Noticed a necrophage
  1978 | D:4      | Killed a necrophage
  1979 | D:4      | Reached XP level 6. HP: 45/48 MP: 6/6
  2277 | D:4      | Found a sand-covered staircase.
  2334 | Ossuary  | Entered an ossuary
  2446 | Ossuary  | Gained mutation: You may rarely emit foul miasma when
                  | damaged in melee. [demonic ancestry]
  2446 | Ossuary  | Reached XP level 7. HP: 17/55 MP: 7/7
  2452 | Ossuary  | Slain by a mummy

Illustrated notes

Levels and vault maps discovered:
D:1:      lemuel_arrival_funnel, layout_basic,
          ebering_ecumenical_altar_sacrificial
D:2:      layout_basic, basic_altar, corexii_corridor_pit, interstate_on_off,
          minmay_divided_ellipse
D:3:      layout_rooms, evilmike_ruin_ashenzari, uniq_natasha
D:4:      layout_gridville, serial_shops, shop_fountains, shop,
          nicolae_ossuary_entry_catacombs
Ossuary:  ossuary_tomb_3

Skill      XL: |  1  2  3  4  5  6 |
---------------+-------------------+-----
Polearms       | 2 3 |  3.8
Armour         | 3 4 |  4.3
Shields        | 3 4 |  4.2
Fighting       | 4 |  4.7

Action                   |  1- 3 |  4- 6 |  7- 9 || total
-------------------------+-------+-------+-------++-------
Melee: Trident           |   115 |   196 |     7 ||   318
       Tailslap          |       |    27 |     2 ||    29
  Use: Potion            |       |     1 |       ||     1
Armor: Scale mail        |    47 |    61 |       ||   108
Dodge: Dodged            |    31 |    55 |     2 ||    88
Block: Buckler           |    25 |    96 |     2 ||   123
